 Dungeon Crawl Stone Soup version 0.30-a0-6-g7c9e10e132 (webtiles) character file.

Game seed: 9180632678204209113

249 freelancePsychic the Sneak (level 6, -25/85 HPs)
             Began as a Naga Fighter on Aug 22, 2022.
             Was a Follower of Trog.
             Annihilated by an ogre
             ... wielding a +0 giant spiked club
              (26 damage)
             ... on level 4 of the Dungeon.
             The game lasted 00:03:37 (2887 turns).

freelancePsychic the Sneak (Naga Fighter)           Turns: 2887, Time: 00:03:37

Health: -25/85     AC:  4    Str: 18    XL:     6   Next: 12%
Magic:  6/6        EV:  9    Int:  8    God:    Trog [*.....]
Gold:   154        SH:  4    Dex: 13    Spells: 5/5 levels left

rFire   . . .      SeeInvis +    a - +0 trident (elec)
rCold   . . .      Faith    .    c - +0 buckler
rNeg    . . .      Spirit   .    f - +0 robe
rPois   +          Reflect  .    (no helmet)
rElec   .          Harm     .    m - +0 cloak
rCorr   .          Rampage  .    (no gloves)
Will    .....                    (no barding)
Stlth   ..........               (no amulet)
HPRegen 0.24/turn                o - +4 ring of slaying
MPRegen 0.10/turn                (no ring)

@: mighty, berserking, quick
A: AC +2, large, see invisible, deformed body, poison resistance, slowness 2,
spit poison 1, naga tail 1
a: Spit Poison, Renounce Religion, Berserk


You were on level 4 of the Dungeon.
You worshipped Trog.
Trog was aware of your devotion.
You visited 1 branch of the dungeon, and saw 4 of its levels.

You collected 154 gold pieces.

Inventory:

Hand Weapons
 a - a +0 trident of electrocution (weapon)
Armour
 b - a +0 scale mail
 c - a +0 buckler (worn)
 f - a +0 robe (worn)
 m - a +0 cloak (worn)
 w - a +1 chain mail of fire resistance
Jewellery
 o - a +4 ring of slaying (left hand)
 y - a +6 ring of intelligence
Scrolls
 g - a scroll of magic mapping {unknown}
 i - a scroll of silence {unknown}
 j - 2 scrolls of poison {unknown}
 k - 3 scrolls of teleportation {unknown}
 n - 2 scrolls of identify {unknown}
 p - a scroll of brand weapon
 q - a scroll of immolation {unknown}
 v - a scroll of enchant weapon {unknown}
Potions
 d - a potion of might
 e - 2 potions of attraction {unknown}
 h - a potion of berserk rage {unknown}
 l - a potion of resistance {unknown}
 r - a potion of invisibility {unknown}
 s - a potion of haste {unknown}
 t - a potion of heal wounds {unknown}
 u - 2 potions of magic {unknown}
 x - 2 potions of curing {unknown}


   Skills:
 + Level 4.3 Fighting
 + Level 3.6 Polearms
 - Level 2.4 Armour
 - Level 6.0 Stealth
 - Level 2.6 Shields


You had 5 spell levels left.
You didn't know any spells.
Your spell library contained the following spells:

 Spells                   Type           Power      Damage    Failure   Level
 Confusing Touch          Hex            0%         N/A       85%         3
 Conjure Flame            Conj/Fire      0%         6-21      85%         3
 Ignite Poison            Fire/Tmut/Pois 0%         N/A       85%         3
 Sticky Flame             Conj/Fire      0%         2d3       99%         4
 Yara's Violent Unravell  Hex/Tmut       0%         3d3       100%        5
 Enfeeble                 Hex            0%         N/A       100%        7


Dungeon Overview and Level Annotations

Branches:
Dungeon (4/15)
 Temple: D:4-7

Altars:
Elyvilon
Makhleb
Trog
Vehumet


Innate Abilities, Weirdness & Mutations

Your serpentine skin is tough. (AC +2)
You have supernaturally acute eyesight. (SInv)
Armour fits poorly on your strangely shaped body.
Your system is resistant to poisons. (rPois)
You cover ground very slowly.
You can spit poison.
You have a snake-like lower body.


Message History

The orc wizard completely misses you. You block the ball python's attack.
You are too injured to fight recklessly!
You are too injured to fight recklessly!
You are too injured to fight recklessly!
You are too injured to fight recklessly!
You are too injured to fight recklessly!
You are too injured to fight recklessly!
You are too injured to fight recklessly!
You are too injured to fight recklessly!
You are too injured to fight recklessly!
You are too injured to fight recklessly!
You are too injured to fight recklessly!
You are too injured to fight recklessly!
You are too injured to fight recklessly!
You are too injured to fight recklessly!
You are too injured to fight recklessly!
Okay, then.
You feel very mighty all of a sudden. You block the orc wizard's attack.
The ball python misses you.
The ogre hits you with a +0 giant spiked club!!
* * * LOW HITPOINT WARNING * * *
A red film seems to cover your vision as you go berserk!
You feel yourself moving faster!
You feel mighty!
The orc wizard gestures at you while chanting.
The magic dart hits you!
* * * LOW HITPOINT WARNING * * *
You block the ball python's attack.
You closely miss the ogre. The ogre barely misses you.
The orc wizard hits you with a +0 dagger.
* * * LOW HITPOINT WARNING * * *
You puncture the ogre! Lightning courses through the ogre!
The ogre is almost dead.
The orc wizard points at you and mumbles some strange words.
The magic dart hits you.
* * * LOW HITPOINT WARNING * * *
You block the adder's attack.
You barely miss the ogre.
The ogre is almost dead.
The ogre hits you with a +0 giant spiked club!!
You die...

### #...... #..
....... ##..
.......
∩_?........
..........
.#.......
#SoS.....
#@O......
#########..(.....
#..........######
#..........#
..........).#
####..<#†####
#.###.÷## ...
##÷)## ..#
##.>####


You could see an ogre, an orc wizard, an adder and a ball python.

Vanquished Creatures
  An orc priest (D:4)
  4 hounds (D:4)
  2 adders (D:3)
  2 worms (D:2)
  4 dart slugs
  6 orcs
  9 endoplasms
  3 giant cockroaches
  3 hobgoblins (D:1)
  3 jackals (D:3)
  4 quokkas
  6 ball pythons
  4 bats
  2 frilled lizards
  2 goblins (D:2)
  5 kobolds
  4 rats
64 creatures vanquished.

Notes
Turn   | Place    | Note
-------+----------+-------------------------------------------
     0 | D:1      | freelancePsychic the Naga Fighter began the quest for the
                  | Orb.
     0 | D:1      | Reached XP level 1. HP: 21/21 MP: 1/1
   111 | D:1      | Reached skill level 1 in Stealth
   148 | D:1      | Reached XP level 2. HP: 26/28 MP: 2/2
   184 | D:1      | Reached skill level 2 in Stealth
   295 | D:1      | Found a faded altar of an unknown god.
   379 | D:1      | Reached XP level 3. HP: 29/34 MP: 3/3
   703 | D:2      | Reached skill level 3 in Stealth
  1610 | D:3      | Reached XP level 4. HP: 40/42 MP: 4/4
  1637 | D:3      | Found a white marble altar of Elyvilon.
  1637 | D:3      | Found a bloodstained altar of Trog.
  1662 | D:3      | Found a radiant altar of Vehumet.
  1691 | D:3      | Became a worshipper of Trog the Wrathful
  1790 | D:3      | Reached skill level 4 in Stealth
  2626 | D:4      | Reached XP level 5. HP: 47/50 MP: 5/5
  2631 | D:4      | Reached skill level 5 in Stealth
  2659 | D:4      | Found a burning altar of Makhleb.
  2717 | D:4      | Reached skill level 6 in Stealth
  2795 | D:4      | Reached XP level 6. HP: 51/57 MP: 6/6
  2798 | D:4      | Reached * piety under Trog
  2886 | D:4      | HP: 1/85 [orc wizard/magic dart (5)]
  2887 | D:4      | Annihilated by an ogre

Illustrated notes

Levels and vault maps discovered:
D:1:      mrwooster_arrival_statue, layout_rooms,
          shapermc_ecumenical_altar_mp_highgroup
D:2:      layout_basic, solitary_fountain
D:3:      layout_basic, nicolae_vehumet_altar_sigil, jmf_multi_god_temple
D:4:      layout_rooms, makhleb_heckhound_becter, minmay_temple_entry_overgrown,
          chequers_garden

Skill      XL: |  1  2  3  4  5 |
---------------+----------------+-----
Stealth        | 1 2 3 4 6 |  6.0
Polearms       | 3 |  3.6
Fighting       | 4 |  4.3
Armour         | |  2.4
Shields        | |  2.6

Action                   |  1- 3 |  4- 6 || total
-------------------------+-------+-------++-------
Melee: Trident           |    92 |    77 ||   169
Invok: Berserk           |       |     1 ||     1
 Abil: Spit Poison       |     5 |     4 ||     9
  Use: Scroll            |     1 |       ||     1
       Potion            |       |     1 ||     1
 Stab: Sleeping          |     5 |     5 ||    10
       Distracted        |     1 |       ||     1
Armor: Scale mail        |     6 |       ||     6
       Robe              |     6 |    14 ||    20
Dodge: Dodged            |    25 |    26 ||    51
Block: Buckler           |     9 |    21 ||    30

Table legend: (Time is in decaauts)
 A = Elapsed time spent in this place.
 B = Non-inter-level travel time spent in this place.
 C = Inter-level travel time spent in this place.
 D = Time resting spent in this place.
 E = Time spent auto-exploring this place.
 F = Levels seen in this place.
 G = Mean time per level.
                   A        B        C        D        E       F      G
               +--------+--------+--------+--------+--------+-----+--------+
         Total |   3612 |   3501 |    111 |      0 |   2909 |   4 |  903.0 |
       Dungeon |   3612 |   3501 |    111 |      0 |   2909 |   4 |  903.0 |
               +--------+--------+--------+--------+--------+-----+--------+

Top non-repeatable levels by time:
     D:3: 1353 daAuts
     D:2: 1087 daAuts
     D:1: 874 daAuts
     D:4: 297 daAuts
